 Dungeon Crawl Stone Soup version 0.20-a0-441-g89e74e4 (webtiles) character file.

29 M4edhros the Grave Robber (level 3, 0/21 HPs)
             Began as an Octopode Necromancer on Jan 6, 2017.
             Succumbed to a worker ant's poison
             ... on level 4 of the Dungeon.
             The game lasted 00:02:28 (563 turns).

M4edhros the Grave Robber (Octopode Necromancer)     Turns: 563, Time: 00:02:29

Health: 0/21       AC:  1    Str:  7    XL:     3   Next: 16%
Magic:  3/6        EV: 16    Int: 17    God:
Gold:   36         SH:  0    Dex: 13    Spells: 1/6 levels left

rFire  . . .     SeeInvis .       - Unarmed
rCold  . . .     Gourm    .     (no shield)
rNeg   . . .     Faith    .     (helmet restricted)
rPois  .         Spirit   .     (no amulet)
rElec  .         Reflect  .     k - +3 ring of evasion
rCorr  .         Harm     .     (no ring)
MR     .....                    (no ring)
Stlth  +++.......               (no ring)
                                (no ring)
                                (no ring)
                                (no ring)
                                (no ring)

@: lethally poisoned (0 -> -14), very slightly contaminated
A: almost no armour, stealthy swim, amphibious, 8 rings, constrict 8, camouflage
1, gelatinous body 1
a: no special abilities


You were on level 4 of the Dungeon.
You were not hungry.

You visited 1 branch of the dungeon, and saw 4 of its levels.

You collected 36 gold pieces.

Inventory:

Hand Weapons
 h - a +1 hunting sling of flaming
Missiles
 d - 8 javelins (quivered)
 i - 58 stones
Jewellery
 k - a +3 ring of evasion (left tentacle)
Scrolls
 c - a scroll of enchant weapon {unknown}
 e - 2 scrolls of remove curse {unknown}
 g - a scroll of amnesia {unknown}
Books
 a - a book of Necromancy

   Spells                             Type                      Level
   a - Pain                           Necromancy                   1
   b - Animate Skeleton               Necromancy                   1
   c - Vampiric Draining              Necromancy                   3
   d - Regeneration                   Charms/Necromancy            3
   e - Animate Dead                   Necromancy                   4
   f - Control Undead                 Necromancy                   4
Comestibles
 b - a bread ration
 f - 5 fruits
 l - 3 chunks of flesh


   Skills:
 - Level 2.0 Dodging
 - Level 2.6 Stealth
 + Level 2.6 Unarmed Combat
 - Level 2.0 Spellcasting
 - Level 4.0 Necromancy


You had one spell level left.
You knew the following spells:

 Your Spells              Type           Power        Failure   Level  Hunger
a - Pain                  Necr           ###.         3%          1    #......
b - Animate Skeleton      Necr           N/A          3%          1    #......
c - Regeneration          Chrm/Necr      #.........   24%         3    ###....


Dungeon Overview and Level Annotations

Branches:
Dungeon (4/15)
 Temple: D:4-7

Altars:

Annotations:
D:4 lupus83's ghost, amateur FoFi


Innate Abilities, Weirdness & Mutations

You cannot wear most types of armour.
You are very stealthy in the water. (Stealth+)
You are amphibious.
You can wear up to eight rings at the same time.
You can use your tentacles to constrict eight enemies at once.
Your skin changes colour to match your surroundings (Stealth+).
Your rubbery body absorbs attacks. (AC +1, EV +1)


Message History

You tentacle-slap the worker ant.
The worker ant is severely wounded.
You constrict the worker ant, but do no damage.
The worker ant waves its antennae.
The worker ant bites you.
You are poisoned.
The worker ant poisons you!
You tentacle-slap the worker ant but do no damage.
The worker ant is severely wounded.
You constrict the worker ant.
You feel sick. The worker ant bites you.
* * * LOW HITPOINT WARNING * * *
You are more poisoned.
The worker ant poisons you!
Casting: Pain
Confirm with . or Enter, or press ? or * to list all spells.
You miscast Regeneration.
You are very lightly contaminated with residual magic.
Multicoloured lights dance before your eyes!
You constrict the worker ant.
You die...

### ## ..# .. #.# .#
# #.# .# #..#####.#
.# #
#....@a..####.##.#.#
#######............#
##.###..##.#. #(#
#.###.### #.#
#........ #.#
#..##.### #.# #..#
..# #..# .# ..# #..#
#.#


You could see a worker ant.

Vanquished Creatures
  An ooze (D:2)
  A worm (D:4)
  A leopard gecko (D:4)
  2 giant cockroaches
  3 goblins
  5 quokkas
  2 bats
  A frilled lizard (D:2)
  4 rats
20 creatures vanquished.

Notes
Turn   | Place    | Note
-------+----------+-------------------------------------------
     0 | D:1      | M4edhros the Octopode Necromancer began the quest for the Orb.
     0 | D:1      | Reached XP level 1. HP: 11/11 MP: 3/3
    84 | D:2      | Reached skill level 1 in Unarmed Combat
   157 | D:2      | Reached XP level 2. HP: 4/17 MP: 0/5
   377 | D:2      | nice, 3 ev ring
   448 | D:4      | Noticed lupus83's ghost (amateur FoFi)
   471 | D:4      | Reached XP level 3. HP: 18/21 MP: 6/6
   477 | D:4      | Learned a level 1 spell: Animate Skeleton
   481 | D:4      | Learned a level 3 spell: Regeneration
   562 | D:4      | HP: 1/21 [worker ant (6)]
   563 | D:4      | Succumbed to a worker ant's poison

Vault maps used:
D:1:      dpeg_arrival_pond, corexii_corridor_pit
D:2:      grunt_qazlal_clouds
D:3:      lemuel_doored_altar, evilmike_ruin_ashenzari, first_bread
D:4:      kennysheep_little_box, serial_bayou_pond_d, uniq_eustachio

Skill      XL: |  1  2 |
---------------+-------+-----
Unarmed Combat | 1 2 |  2.6
Dodging        | |  2.0
Stealth        | |  2.6
Spellcasting   | |  2.0
Necromancy     | |  4.0

Action                   || total
-------------------------++-------
Melee: Unarmed           ||    19
       Tentacles         ||     4
       Constrict         ||     3
 Fire: Hunting sling     ||    25
 Cast: Pain              ||    13
  Use: Potion            ||     1
 Stab: Sleeping          ||     1
Armor: Skin              ||     2
Dodge: Dodged            ||    21
